AoeStats
← Buzz Lightyear

Nomad

509730102Analyzed
4v4 RM · 5d ago on Sep 27, 2026· 80m 26s· 8 players
Game mode
Random Map
Map size
231×231
Population
200
Speed
Normal
Resources
Standard
Victory
Conquest
Starting age
Dark Age
Ending age
Imperial Age
RankedLock teamsTeams togetherTeam positionsShared explorationLock speedFull tech treeHidden civsTurbo modeCheats
Victory
Defeat
🇺🇸 Franks · United States
1198
+14
🇺🇸 Huns · United States
1184
+15
🇫🇷 Cumans · France
1144
+16
🇷🇺 Bengalis · Russia
1013
+67
🇦🇷 Spanish · Argentina
1182
-18
🇵🇪 Britons · Peru
1157
-17
🇦🇷 Inca · Argentina
1140
-16
🇦🇷 Burmese · Argentina
1124
-16
Jefe ToroFumado
3:01 Loom
14:08 Feudal Age
19:36 Castle Age
20:11 Scale Mail Armor
20:05 Fletching
21:04 Pikeman
31:30 Bodkin Arrow
50:36 Gold Mining
59:23 Gold Shaft Mining
58:39 Stone Mining
61:56 Elite Skirmisher
64:14 Light Cavalry
68:44 Imperial Age
66:14 Horse Collar
69:36 Bracer
70:24 Halberdier
71:16 Padded Archer Armor
Joaquin_AoE
3:03 Loom
13:03 Feudal Age
13:50 Town Watch
23:53 Fletching
29:51 Castle Age
34:02 Pikeman
37:30 Double-Bit Axe
38:44 Scale Mail Armor
47:17 Stone Mining
49:32 Wheelbarrow
56:59 Fishing Lines
60:30 Gillnets
63:08 Forging
65:14 Chain Mail Armor
Capiango2.0
3:36 Loom
16:30 Feudal Age
16:58 Fishing Lines
17:05 Double-Bit Axe
22:21 Castle Age
23:16 Medium Warships
22:58 Gillnets
23:58 Bow Saw
24:48 Pikeman
25:30 Squires
25:33 Scale Mail Armor
27:24 Chain Mail Armor
30:08 Imperial Age
28:17 Forging
28:43 Town Watch
30:07 Iron Casting
29:20 Arson
30:52 Wheelbarrow
30:40 Halberdier
34:20 Hand Cart
35:18 Horse Collar
38:17 Chemistry
40:58 Two-Man Saw
41:08 Supremacy
41:10 Conscription
41:39 Fletching
41:52 Heavy Plow
43:30 Bombard Tower
44:34 Ballistics
43:59 Arrowslits
44:10 Murder Holes
44:43 Cavalier
45:24 Husbandry
45:34 Bloodlines
45:24 Husbandry
46:23 Bloodlines
47:04 Paladin
47:57 Guard Tower
48:18 Masonry
49:32 Architecture
49:10 Scale Barding Armor
51:02 Chain Barding Armor
51:45 Blast Furnace
50:44 Bodkin Arrow
51:27 Keep
51:14 Gold Mining
54:44 Bracer
55:19 Plate Barding Armor
55:49 Plate Mail Armor
58:38 Elite Cannon Galleon
63:17 Town Patrol
66:13 Light Cavalry
69:46 Hoardings
69:19 Hussar
73:19 Padded Archer Armor
Buzz Lightyear
12:26 Loom
16:59 Feudal Age
21:54 Castle Age
20:39 Double-Bit Axe
20:52 Gold Mining
22:24 Town Watch
23:14 Bow Saw
23:34 Fletching
26:32 Bodkin Arrow
31:37 Padded Archer Armor
32:21 Ballistics
37:21 Imperial Age
37:31 Wheelbarrow
37:32 Yeomen
39:26 Chemistry
38:49 Conscription
38:50 Bracer
39:49 Elite Longbowman
46:52 Warwolf
47:34 Leather Archer Armor
49:57 Light Cavalry
50:57 Husbandry
51:05 Scale Barding Armor
51:30 Ring Archer Armor
51:12 Forging
53:16 Chain Barding Armor
54:49 Iron Casting
61:32 Plate Barding Armor
65:07 Blast Furnace
64:08 Scale Mail Armor
Zoopu
9:16 Loom
14:15 Feudal Age
21:42 Castle Age
21:09 Double-Bit Axe
22:20 Scale Barding Armor
27:33 Forging
27:46 Chain Barding Armor
32:51 Fishing Lines
33:25 Bow Saw
38:04 Wheelbarrow
37:36 Husbandry
45:05 Imperial Age
42:33 Gold Mining
44:24 Scale Mail Armor
45:00 Iron Casting
44:36 Gambesons
44:52 Squires
44:37 Arson
46:52 Plate Barding Armor
46:33 Chain Mail Armor
45:40 Cavalier
48:09 Conscription
49:45 Conscription
49:28 Chivalry
48:52 Paladin
52:36 Hand Cart
51:52 Pikeman
54:53 Blast Furnace
55:03 Light Cavalry
56:40 Gold Shaft Mining
56:15 Capped Ram
58:04 Chemistry
59:21 Elite Throwing Axeman
60:35 Plate Mail Armor
60:14 Halberdier
72:12 Elite Skirmisher
79:25 Man-at-Arms
THEDEEPSE4 KING
10:06 Loom
14:24 Feudal Age
18:51 Castle Age
16:41 Double-Bit Axe
18:20 Fishing Lines
19:58 Bow Saw
20:58 Scale Barding Armor
21:04 Forging
29:03 Bloodlines
32:58 Chain Barding Armor
33:14 Iron Casting
34:52 Town Watch
38:47 Imperial Age
36:31 Horse Collar
37:45 Husbandry
40:18 Marauders
40:39 Conscription
41:01 Heavy Plow
41:21 Fletching
41:31 Padded Archer Armor
42:22 Bodkin Arrow
42:55 Parthian Tactics
42:36 Thumb Ring
43:08 Ballistics
44:29 Chemistry
43:47 Bracer
45:41 Elite Skirmisher
50:17 Wheelbarrow
49:10 Elite Tarkan
52:24 Pikeman
53:05 Squires
52:51 Arson
53:32 Light Cavalry
56:31 Hand Cart
56:49 Hussar
63:46 Plate Barding Armor
64:11 Blast Furnace
63:12 Scale Mail Armor
63:28 Leather Archer Armor
63:16 Halberdier
64:27 Caravan
69:03 Murder Holes
St0ned Cr0c
5:59 Loom
8:30 Loom
15:56 Feudal Age
21:12 Castle Age
19:05 Fletching
19:16 Padded Archer Armor
22:40 Crossbowman
23:18 Bodkin Arrow
23:49 Double-Bit Axe
24:23 Leather Archer Armor
24:37 Horse Collar
37:47 Heavy Plow
38:05 Scale Barding Armor
38:11 Forging
39:55 Bloodlines
39:46 Husbandry
42:29 Imperial Age
42:30 Chain Barding Armor
43:18 Bracer
45:25 Arbalester
46:38 Ring Archer Armor
46:47 Plate Barding Armor
47:38 Iron Casting
47:04 Scale Mail Armor
47:39 Town Watch
48:29 Wheelbarrow
56:09 Elite Skirmisher
57:32 Conscription
57:22 Paiks
62:36 Caravan
63:07 Coinage
72:33 Elite Battle Elephant
76:37 Banking
Madeen
6:35 Loom
7:08 Loom
15:32 Feudal Age
17:52 Wheelbarrow
18:53 Town Watch
19:38 Double-Bit Axe
23:10 Fletching
26:24 Castle Age
26:10 Horse Collar
43:11 Hand Cart
43:11 Town Patrol
43:36 Bodkin Arrow
43:42 Padded Archer Armor
47:51 Capped Ram
49:03 Bow Saw
51:06 Masonry
52:09 Ballistics
55:07 Imperial Age
53:25 Steppe Husbandry
54:36 Leather Archer Armor
56:10 Cuman Mercenaries
56:31 Conscription
56:47 Hoardings
57:31 Ring Archer Armor
60:07 Chemistry
60:16 Two-Man Saw
61:48 Gold Mining
61:50 Stone Mining
62:50 Scale Barding Armor
62:57 Bloodlines
65:48 Elite Kipchak
77:35 Forging
77:46 Chain Barding Armor
79:26 Elite Steppe Lancer
Connection lost

Rejoining the realm…

Still unreachable

The connection could not be restored.

Session expired

The server has moved on; the page needs a fresh start.